 Dungeon Crawl Stone Soup version 0.29-a0-398-ge13fd1374b (webtiles) character file.

Game seed: 10132991391071309388

40 runemasterragnar the Ducker (level 3, -2/26 HPs)
             Began as an Octopode Fighter on May 13, 2022.
             Slain by Sigmund
             ... wielding a +0 scythe
              (12 damage)
             ... on level 3 of the Dungeon.
             The game lasted 00:01:03 (687 turns).

runemasterragnar the Ducker (Octopode Fighter)       Turns: 687, Time: 00:01:03

Health: -2/26      AC:  1    Str: 15    XL:     3   Next: 50%
Magic:  3/3        EV: 13    Int: 12    God:
Gold:   10         SH:  0    Dex: 11    Spells: 2/2 levels left

rFire   . . .      SeeInvis .   a - +0 long sword
rCold   . . .      Faith    .   b - +0 buckler
rNeg    . . .      Spirit   .   (helmet restricted)
rPois   .          Reflect  .   (no amulet)
rElec   .          Harm     .   (no ring)
rCorr   .          Rampage  .   (no ring)
Will    .....                   (no ring)
Stlth   ++........              (no ring)
HPRegen 0.08/turn               (no ring)
MPRegen 0.08/turn               (no ring)
                                (no ring)
                                (no ring)

@: confused
A: almost no armour, amphibious, 8 rings, camouflage 1, gelatinous body 1,
(nimble swimmer 1), tentacles
a: no special abilities


You were on level 3 of the Dungeon.
You visited 1 branch of the dungeon, and saw 3 of its levels.

You collected 10 gold pieces.

Inventory:

Hand Weapons
 a - a +0 long sword (weapon)
Armour
 b - a +0 buckler (worn)
Potions
 c - a potion of might
 d - a potion of curing
 e - a potion of lignification {unknown}


   Skills:
 + Level 3.2 Fighting
 * Level 2.5 Long Blades
 + Level 3.2 Dodging
 + Level 1.3 Stealth
 + Level 3.2 Shields
 + Level 0.7 Unarmed Combat


You had 2 spell levels left.
You didn't know any spells.
Your spell library was empty.

Dungeon Overview and Level Annotations

Branches:
Dungeon (3/15)

Altars:

Annotations:
D:3 Sigmund


Innate Abilities, Weirdness & Mutations

You cannot wear most types of armour.
You are amphibious.
You can wear up to eight rings at the same time.
Your skin changes colour to match your surroundings (Stealth+).
Your rubbery body absorbs attacks. (AC +1, EV +1)
((You are camouflaged when in or above water. (Stealth+)))
You have tentacles for arms and can constrict up to eight enemies at once.


Message History

No target in view!
f - a scroll labelled IWEALE ZYKYTI A rat comes into view.
A rat is nearby!
A rat is nearby!
You see here 10 gold pieces.
You hit the rat.
You kill the rat!
No target in view!
No target in view!
You now have 10 gold pieces.
Sigmund the Dreaded comes into view.
He is wielding a +0 scythe.
Sigmund shouts!
Sigmund is nearby!
Sigmund is nearby!
Okay, then.
As you read the scroll labelled IWEALE ZYKYTI, it crumbles to dust.
It is a scroll of identify.
d - a potion of curing
Okay, then.
You see here a rat corpse.
Sigmund casts a spell at you. The magic dart hits you!
Sigmund gestures wildly while chanting.
Sigmund flickers and vanishes!
Deactivating autopickup; reactivate with Ctrl-A.
Really wriggle into that dispersal trap?
You enter a dispersal trap!
You blink.
You hear a shout!
Something hits you!
You hear some strange, mumbled words.
You are confused.
You bump into the rock wall.
A magic dart appears from out of thin air!
The magic dart hits you.
You're too confused to aim your attacks!
You bump into the rock wall.
Something barely misses you. Something hits you!
You die...

### ############## ##.##
#............#
##.#.######.####..####.#
#.#.........#...@.####.###
##...#####...............#
##.......#.#.....#..#.#.##
#..####.#.####..#..#.#..#
###..####.#.......†.#####.#
#......##.#########..§8^..#
.....#.##.# #########
#.#.......# #...##.##..


There were no monsters in sight!

Vanquished Creatures
  An iguana (D:3)
  A ball python (D:1)
  2 giant cockroaches
  4 jackals (D:2)
  A quokka (D:3)
  A kobold (D:3)
  2 rats
12 creatures vanquished.

Notes
Turn   | Place    | Note
-------+----------+-------------------------------------------
     0 | D:1      | runemasterragnar the Octopode Fighter began the quest for
                  | the Orb.
     0 | D:1      | Reached XP level 1. HP: 16/16 MP: 1/1
    65 | D:2      | Reached XP level 2. HP: 10/21 MP: 2/2
   287 | D:3      | Reached skill level 1 in Stealth
   287 | D:3      | Reached XP level 3. HP: 7/26 MP: 3/3
   663 | D:3      | Noticed Sigmund
   687 | D:3      | Slain by Sigmund

Illustrated notes

Levels and vault maps discovered:
D:1:      wander_arrival_chamber, layout_basic, ebering_ecumenical_altar_mist,
          corexii_hall_statues_i
D:2:      layout_basic, uniq_crazy_yiuf_cottage
D:3:      layout_loops_cross, minitemple, gammafunk_ghost_nasty_kobolds,
          grunt_ministairs_10, ebering_dispersal_statue_hall, uniq_sigmund

Skill      XL: |  1  2 |
---------------+-------+-----
Stealth        | 1 |  1.3
Fighting       | |  3.2
Long Blades    | |  2.5
Dodging        | |  3.2
Shields        | |  3.2
Unarmed Combat | |  0.7

Action                   || total
-------------------------++-------
Melee: Long sword        ||    20
       Tentacles         ||     2
       Constrict         ||     3
  Use: Scroll            ||     1
 Stab: Sleeping          ||     3
       Distracted        ||     1
Armor: Skin              ||     2
Dodge: Dodged            ||     9
Block: Buckler           ||     2

Table legend: (Time is in decaauts)
 A = Elapsed time spent in this place.
 B = Non-inter-level travel time spent in this place.
 C = Inter-level travel time spent in this place.
 D = Time resting spent in this place.
 E = Time spent auto-exploring this place.
 F = Levels seen in this place.
 G = Mean time per level.
                   A        B        C        D        E       F      G
               +--------+--------+--------+--------+--------+-----+--------+
         Total |    694 |    671 |     23 |      0 |    557 |   3 |  231.3 |
       Dungeon |    694 |    671 |     23 |      0 |    557 |   3 |  231.3 |
               +--------+--------+--------+--------+--------+-----+--------+

Top non-repeatable levels by time:
     D:3: 463 daAuts
     D:2: 175 daAuts
     D:1: 55 daAuts
